Cogmind - Beta 14 @@@ ROGUE MODE // 2025.01.14 @ 10:13:37 Player: Auto Result: Destroyed by G-34 Mercenary with Small Laser Performance ------------- Evolutions (1) 500 Regions Visited (3) 600 Robots Destroyed (21) 105 Value Destroyed (549) 549 Prototype IDs (1) 20 Alien Tech Used (0) 0 Bonus (0) 0 TOTAL SCORE: 1774 Bonus ------- None Cogmind --------- Core Integrity 0/400 Matter 300/300 Energy 26/100 System Corruption 0% Temperature Cool (6) Movement Core (50) Location -9/Materials Parts ------- > --- POWER (1) -------- (None) > --- PROPULSION (3) --- (None) > --- UTILITY (3) ------ Weight Redist. System Weight Redist. System > --- WEAPON (2) ------- Light Assault Rifle Light Assault Rifle > --- INVENTORY (5) ---- (None) Peak State ------------ > --- POWER ------------ Light Ion Engine > --- PROPULSION ------- Flight Unit Flight Unit > --- UTILITY ---------- Tractor Beam Sensor Drone Bay > --- WEAPON ----------- Assault Rifle Light Assault Rifle > --- INVENTORY -------- Light Ion Engine Flight Unit EM Pulse Gun Light Assault Rifle Light Assault Rifle [Rating: 14] Favorites ----------- Power Light Ion Engine Engine Light Ion Engine Propulsion Flight Unit Leg Aluminum Leg Flight Unit Flight Unit Utility Tractor Beam Device Tractor Beam Storage Small Storage Unit Weapon Light Assault Rifle Energy Gun EM Pulse Gun Ballistic Gun Light Assault Rifle Ballistic Cannon Improved Light Cannon Build | -11 -10 -10 -9 ------- Run | Yrd Mat Min Mat Slots Evolved 2 | . . . 2 Power . | . . . . Propulsion 1 | . . . 1 Utility 1 | . . . 1 Weapon . | . . . . Parts Attached 31 | 6 11 5 9 Power 6 | 1 3 1 1 Engine 6 | 1 3 1 1 Core . | . . . . Reactor . | . . . . Propulsion 6 | 2 2 2 . Treads . | . . . . Leg 2 | 2 . . . Wheel . | . . . . Hover . | . . . . Flight 4 | . 2 2 . Utility 5 | 1 1 1 2 Device 4 | . 1 1 2 Storage 1 | 1 . . . Processor . | . . . . Hackware . | . . . . Protection . | . . . . Artifact . | . . . . Weapon 14 | 2 5 1 6 Energy Gun 1 | . . . 1 Energy Cannon . | . . . . Ballistic Gun 12 | 2 5 1 4 Ballistic Cannon 1 | . . . 1 Launcher . | . . . . Special Weapon . | . . . . Impact Weapon . | . . . . Slashing Weapon . | . . . . Piercing Weapon . | . . . . Special Melee Weapon . | . . . . Unidentified Prototypes 1 | . . 1 . Parts Lost 10 | . 2 1 7 Power 3 | . 1 . 2 Propulsion 3 | . . 1 2 Utility 1 | . . . 1 Weapon 3 | . 1 . 2 Highest Loss Streak 4 | . 1 1 4 To Critical Strikes . | . . . . Average Slot Usage (%) 73 | . 82 90 39 Engine 11 | . 13 14 6 Leg 3 | . 8 . . Flight 17 | . 19 28 3 Device 12 | . 8 18 12 Storage 2 | . 4 . . Ballistic Gun 23 | . 27 28 10 Peak Build Rating 14 | 6 6 14 8 Average Rating 6 | 4 5 8 4 On Entrance 4 | . 6 6 6 Naked Turns 31 | . . . 31 Heaviest Build 21 | 10 10 21 8 Greatest Support 20 | 20 20 8 9 Greatest Overweight (x) 2 | . 2 2 2 Average Overweight (x) . | . . . . Largest Inventory Capacity 8 | 8 8 5 5 Average Capacity 5 | 6 5 5 5 Most Carried 6 | 6 6 5 5 Average Carried 4 | 3 4 4 2 Final Capacity 8 | 8 5 5 5 Final Carried 6 | 6 5 4 . Class Distribution -------------------- 58% | Scavenger-Mutant 41% | Mutant Dominant Class ---------------- Scavenger-Mutant | -10/Materials Scavenger-Mutant | -10/Mines Mutant | -9/Materials Resources | -11 -10 -10 -9 ----------- Run | Yrd Mat Min Mat Matter Collected 606 | 260 186 28 132 Remotely 185 | . 145 28 12 Salvage Created 541 | . 263 . 278 Parts 45 | . 26 . 19 Haulers Intercepted 1 | . 1 . . Recyclers Shooed . | . . . . Parts Field Recycled . | . . . . Retrieved Matter . | . . . . Parts Self-Destructed . | . . . . Prevented . | . . . . Kills | -11 -10 -10 -9 ------- Run | Yrd Mat Min Mat Combat Hostiles Destroyed 16 | . 10 . 6 Guns 9 | . 9 . . Cannons 4 | . . . 4 AOE 3 | . 1 . 2 Classes Destroyed 6 | . 5 . 1 Builder 2 | . 2 . . Hauler 1 | . 1 . . Operator 2 | . 1 . 1 Swarmer 6 | . 6 . . Grunt 8 | . 4 . 4 Sentry 2 | . . . 2 Best Kill Streak 11 | . 11 . 6 Combat Bots Only 8 | . 8 . 6 Max Kills in Single Turn 4 | . 4 . 2 Gunslinging . | . . . . Exploded 2 | . 1 . 2 Melee . | . . . . Uniques/NPCs Destroyed . | . . . . Combat | -11 -10 -10 -9 -------- Run | Yrd Mat Min Mat Hostile Shots Fired 183 | . 105 8 70 Missed 64 | . 44 3 17 Damage Taken 1510 | . 591 72 847 Core 593 | . 162 30 401 Absorbed by Shields . | . . . . Core Remaining (%) 61 | 100 . 23 . Volleys Fired 46 | . 34 . 12 Largest 2 | . 2 . 2 Hottest 60 | . 40 . 60 Shots Fired 89 | . 67 . 22 Gun 78 | . 67 . 11 Cannon 11 | . . . 11 Launcher . | . . . . Special . | . . . . Kinetic 88 | . 67 . 21 Thermal . | . . . . Explosive . | . . . . Electromagnetic 1 | . . . 1 Robot Hit Streak 11 | . 5 . 11 Robot Miss Streak 4 | . 4 . 1 Penetration Max . | . . . . Secondary Targets 3 | . 3 . . Max Gunslinging Chain 1 | . 1 . . Shots Hit Robots 58 | . 40 . 18 Core Hits 32 | . 24 . 8 Critical Kills . | . . . . Critical Parts Destroyed . | . . . . Critical Strikes . | . . . . Melee Attacks . | . . . . Impact . | . . . . Slashing . | . . . . Piercing . | . . . . Sneak Attacks . | . . . . Combat Hostiles . | . . . . Follow-up Attacks . | . . . . Damage Inflicted 995 | . 701 . 294 Guns 466 | . 382 . 84 Cannons 196 | . . . 196 Explosions 319 | . 319 . . Melee . | . . . . Ramming 14 | . . . 14 Kinetic 646 | . 382 . 264 Thermal . | . . . . Explosive 319 | . 319 . . Electromagnetic 16 | . . . 16 Impact . | . . . . Slashing . | . . . . Piercing . | . . . . Highest Corruption 3 | . 3 3 . Average Corruption 2 | . 2 3 . Corruption Purged . | . . . . Corruption Blocked . | . . . . Effects 3 | . . 3 . Message Errors 1 | . . 1 . Matter Fused 1 | . . 1 . Data Loss (minor) 1 | . . 1 . Overload Shots . | . . . . Overflow Damage . | . . . . Projectiles . | . . . . Explosions . | . . . . Melee . | . . . . Knockbacks 5 | . . . 5 Impact . | . . . . Kinetic 3 | . . . 3 Secondary 2 | . . . 2 Self-Inflicted Damage 7 | . . . 7 Shots . | . . . . Rammed 3 | . . . 3 Targets Rammed 3 | . . . 3 Kicked . | . . . . Crushed . | . . . . Highest Temperature 44 | . 20 . 44 Average Temperature 9 | . 6 . 12 Received Heat Transfer 546 | . 165 39 342 Siege Activations . | . . . . Robots Corrupted . | . . . . Combat Hostiles . | . . . . Parts Fried . | . . . . Impact Corruptions . | . . . . Robots Melted . | . . . . Combat Hostiles . | . . . . Parts Melted . | . . . . Heat Transferred . | . . . . Parts Sabotaged . | . . . . Parts Stolen . | . . . . Parts Stripped . | . . . . Power Chain Reactions . | . . . . Alert | -11 -10 -10 -9 ------- Run | Yrd Mat Min Mat Peak Influence 409 | . 409 234 327 Initial 159 | . . 159 81 Average 181 | . 222 208 159 Maximum Alert Level 2 | . 2 1 1 Low Security (%) 47 | 100 26 28 83 Level 1 51 | . 71 71 16 Level 2 . | . 1 . . Level 3 . | . . . . Level 4 . | . . . . Level 5 . | . . . . High Security . | . . . . Max Security . | . . . . Squads Dispatched 7 | . 4 . 3 Investigation 4 | . 2 . 2 Extermination . | . . . . Reinforcement 3 | . 2 . 1 Assault . | . . . . Garrison . | . . . . Intercept . | . . . . Searches Triggered . | . . . . Construction Impeded . | . . . . Haulers Reinforced . | . . . . Active Scanning Responses . | . . . . Cargo Convoy Interrupts . | . . . . Stealth | -11 -10 -10 -9 --------- Run | Yrd Mat Min Mat Distress Signals 4 | . 4 . . Communications Jammed . | . . . . Distress Signals . | . . . . Times Spotted 48 | . 27 8 13 Peak Tracking Total 7 | . 6 5 7 Tactical Retreats 6 | . 3 1 2 Traps | -11 -10 -10 -9 ------- Run | Yrd Mat Min Mat Traps Triggered 2 | . 2 . . Indirectly . | . . . . Trap Hack Attempts . | . . . . Triggered . | . . . . Disarmed . | . . . . Reprogrammed . | . . . . Reused . | . . . . Traps Extracted . | . . . . Installed . | . . . . Triggered . | . . . . Machines | -11 -10 -10 -9 ---------- Run | Yrd Mat Min Mat Machines Disabled 1 | . 1 . . Max in Single Turn 1 | . 1 . . Machines Repaired . | . . . . Machines Dismantled . | . . . . Machines Sabotaged 1 | . . . 1 Overloaded Fab Kills . | . . . . Hacking | -11 -10 -10 -9 --------- Run | Yrd Mat Min Mat Machines Accessed 6 | . 3 1 2 Terminals 5 | . 3 . 2 Fabricators . | . . . . Repair Stations . | . . . . Recycling Units . | . . . . Scanalyzers . | . . . . Garrison Access . | . . . . Total Hacks 20 | . 14 1 5 Successful 7 | . 5 1 1 Failed 13 | . 9 . 4 Catastrophic 2 | . 1 . 1 Database Lockouts . | . . . . Manual 20 | . 14 . 6 Terminals 19 | . 14 . 5 Fabricators . | . . . . Repair Stations . | . . . . Recycling Units . | . . . . Scanalyzers . | . . . . Garrison Access . | . . . . Terminal Hacks 3 | . 2 1 . Open Door 1 | . . 1 . Terminal Index 1 | . 1 . . Registered Components 1 | . 1 . . Fabricator Hacks . | . . . . Repair Station Hacks . | . . . . Recycling Unit Hacks . | . . . . Scanalyzer . | . . . . Garrison Access Hacks . | . . . . Unauthorized Hacks 4 | . 3 . 1 Terminals 4 | . 3 . 1 Track 1 | . 1 . . Botnet 2 | . 2 . . Sabotage 1 | . . . 1 Fabricators . | . . . . Repair Stations . | . . . . Recycling Units . | . . . . Scanalyzers . | . . . . Garrison Access . | . . . . Data Cores Recovered 1 | . . . 1 Used . | . . . . Hacking Detections 4 | . 3 . 1 Full Trace Events 3 | . 2 . 1 Feedback Events . | . . . . Feedback Blocked . | . . . . Robot Schematics Acquired . | . . . . Robots Built . | . . . . Authchips . | . . . . Time . | . . . . Total Robot Build Rating . | . . . . Part Schematics Acquired . | . . . . Parts Built . | . . . . Authchips . | . . . . Time . | . . . . Total Part Build Rating . | . . . . Parts Repaired . | . . . . Time . | . . . . Parts Recycled . | . . . . Recycled Matter . | . . . . Retrieved Matter . | . . . . Retrieved Components . | . . . . Parts Scanalyzed . | . . . . Part Schematics Acquired . | . . . . Parts Damaged . | . . . . Bothacking | -11 -10 -10 -9 ------------ Run | Yrd Mat Min Mat Used RIF Installer . | . . . . Robots Hacked . | . . . . Non-combat . | . . . . Combat . | . . . . Robot Hacks Applied . | . . . . Relay Couplers Released . | . . . . Fabnet Peak Effective % . | . . . . Robots Rewired . | . . . . Allies Hacked . | . . . . Hacks Repelled . | . . . . Allies | -11 -10 -10 -9 -------- Run | Yrd Mat Min Mat Total Allies . | . . . . Largest Group . | . . . . Highest-Rated Group . | . . . . Highest-Rated Ally . | . . . . Total Orders 2 | . . 2 . ROAM 2 | . . 2 . Ally Attacks . | . . . . Total Damage . | . . . . Kills . | . . . . Allies Corrupted . | . . . . Allies Melted . | . . . . Intel | -11 -10 -10 -9 ------- Run | Yrd Mat Min Mat Robot Analysis Total . | . . . . Derelict Logs Recovered 1 | . . 1 . Drone Launches 20 | . . 20 . Drone Recoveries 5 | . . 5 . Exploration | -11 -10 -10 -9 ------------- Run | Yrd Mat Min Mat Turns Passed 790 | 84 353 178 175 Spaces Moved 960 | 62 428 297 173 Core 117 | 7 . . 110 Treads . | . . . . Legs 83 | 55 28 . . Wheels . | . . . . Hover . | . . . . Flight 760 | . 400 297 63 Fastest Speed 37 | 50 37 37 37 Average Speed 47 | 112 43 37 50 Slowest Speed 200 | 120 200 197 150 Overloaded Moves . | . . . . Propulsion Burnouts . | . . . . Robots Hopped 10 | . 2 8 . Cave-ins Triggered . | . . . . Exploration Rate (%) 42 | 5 64 84 15 Regions Visited 3 Branch Regions 1 Pre-discovered Areas . | . . . . Known Exits Taken 1 | . . 1 . Unknown Exits Taken 2 | 1 1 . . Scrap Searched . | . . . . Spaces Dug . | . . . . Terrain Destroyed 5 | . 5 . . Melee . | . . . . Projectile . | . . . . AOE 5 | . 5 . . Terrain Rammed . | . . . . Walls Destroyed . | . . . . Machines Disabled . | . . . . Actions | -11 -10 -10 -9 --------- Run | Yrd Mat Min Mat Total 1204 | 73 539 353 239 Wait 150 | . 52 59 39 Move 937 | 61 423 280 173 Hop 10 | . 2 8 . Pick Up 14 | 6 6 . 2 Fast Attach 10 | 6 2 1 1 Attach 11 | . 3 1 7 Detach 1 | . . . 1 Swap 10 | . 6 3 1 Drop 12 | . 11 1 . Fire 46 | . 34 . 12 Melee . | . . . . Ram 3 | . . . 3 Kick . | . . . . Crush . | . . . . Escape Stasis . | . . . . Rewire . | . . . . Trap . | . . . . Miscellaneous . | . . . . Route ------- -11/Scrapyard -10/Materials (discovered 3 exits: *Mat x2 / *Min) -10/Mines (discovered 2 exits: *Mat x2) -9/Materials (discovered 1 exit: Mat) History --------- Turn | Location | Event 11 | -11/Scrapyard | Discovered new exit (range 15) 85 | -11/Scrapyard | Entered Materials 200 | -10/Materials | Destroyed 8 combat bots 282 | -10/Materials | Discovered new exit (range 3) 318 | -10/Materials | Discovered new exit (range 7) 334 | -10/Materials | Discovered new exit (range 10) 382 | -10/Materials | Core integrity fell below 50% 438 | -10/Materials | Entered Mines 447 | -10/Mines | Learned location of 1 exit from Materials 471 | -10/Mines | Found a hidden stash of uninstalled traps 481 | -10/Mines | Build established: Scavenger-Mutant 486 | -10/Mines | Met a Derelict bent on vengeance 524 | -10/Mines | Found the Drone Emporium 527 | -10/Mines | Found Prototype Device 527 | -10/Mines | Identified Sensor Drone Bay 564 | -10/Mines | Discovered new exit (range 42) 566 | -10/Mines | Identified exit to Materials 583 | -10/Mines | Discovered exit to Materials (range 41) 616 | -10/Mines | Entered Materials 616 | -9/Materials | Evolved 2 slots: Propulsion x1, Utility x1 617 | -9/Materials | Identified exit to Materials 661 | -9/Materials | Released all parts (2) 686 | -9/Materials | Lost 4 parts (1p2n1u) 723 | -9/Materials | Core integrity fell below 50% 770 | -9/Materials | Core integrity fell below 20% 791 | -9/Materials | Destroyed by G-34 Mercenary with Small Laser Last Messages --------------- 00766_ K-01 Serf collects debris. 00769_ Neutrino Reactor explodes. 00769_ G-34 Mercenary destroyed. 00769_ Neutrino Reactor explodes. 00769_ K-01 Serf shuts down. 00769_ K-01 Serf destroyed. 00773_ Acquired 87 matter. 00775_ Critical hit (Burn: +37). 00780_ G-47 Trooper knocked back. 00781_ Acquired 5 matter. 00783_ Lgt. Assault Rifle destroyed. 00783_ ALERT: Hostiles spotted, dispatching reinforcements to Terminal M002. 00785_ G-47 Trooper destroyed. 00786_ Acquired 4 matter. 00787_ U-05 Engineer lays Concrete. 00788_ Acquired 4 matter. 00788_ Imp. Light Cannon destroyed. 00788_ U-05 Engineer builds a Door. 00790_ Acquired 10 matter. Map ----- +----------------------------------------------------+ | ######## !!! # #???????????????????????????? | | ##??????# # #???????????????????????????? | | #???????# ]# #???????????????????????????? | | ################ #???????????????????????????? | | #???????????????????????????? | | #???????????????????????????? | | ################## #???????????????????????????? | | ?????????????????# ###########?????????????????? | | ?????????????????# ## #?????????????????? | | ????????????????## ## #?????????????????? | | ????????????????# # #?????????????????? | | ????????????????# # / #?????????????????? | | ????????????????# T + #?????????????????? | | ????????????????# # ! #?????????????????? | | ????????????????# # ! #?????????????????? | | ????????????????##### # ! #?????????????????? | | ????????????????????# # #?????????????????? | | ????????????????????# ##########?????????????????? | | ????????????????????# #??????????????????????????? | | ????????????????????# #?#########????????????????? | | ????????????????????# #?# #????????????????? | | ????????????????????# #?# #????????????????? | | ????????????????????# #?# #????????????????? | | ????????????????????# ### #????????????????? | | ????????????????????# [%#*=% #????????????????? | | ????????????????????#[%%+@=! #????????????????? | | ????????????????????# !=#== #????????????????? | | ????????????????? + %=#gg* #????????????????? | | ?????????????? ! ] # =#!g #????????????????? | | ?????????????# ?# # #????????????????? | | ?????????????#####??# # #????????????????? | | ??????????????????? #########????????????????? | | ?????????????????? #????????????????????????? | | ????????????????? ????????????????????????? | | ????????????????####+####????????????????????????? | | ?????????????????????????????????????????????????? | | ?????????????????????????????????????????????????? | | ?????????????????????????????????????????????????? | | ?????????????????????????????????????????????????? | | ?????????????????????????????????????????????????? | | ?????????????????????????????????????????????????? | | ?????????????????????????????????????????????????? | | ?????????????????????????????????????????????????? | | ?????????????????????????????????????????????????? | | ?????????????????????????????????????????????????? | | ?????????????????????????????????????????????????? | | ?????????????????????????????????????????????????? | | ?????????????????????????????????????????????????? | | ?????????????????????????????????????????????????? | | ?????????????????????????????????????????????????? | +----------------------------------------------------+ Best States ------------- Heat Dissipation 28 Energy Generation 10 Energy Capacity 125 Matter Stores 300 Matter Capacity 300 Sight Range 16 Terrain Scan Density 10 Additional Mass Support 6 Evasion (%) 62 Item Schematics ----------------- None Robot Schematics ------------------ None Fabricated ------------ Nothing Alien Tech Used ----------------- None Achievements -------------- None Challenges ------------ None Game ------ Seed WeaponCommRegenerator Manual? 0 Play Time 00:12:59 Cumulative 57.4 hours Start 2025.01.14 @ 10:00:40 End 2025.01.14 @ 10:13:37 Sessions 1 Manual Loads 0 Difficulty Rogue Special Mode None Game No. 38 Rogue 13 Adventurer 25 Explorer 0 Win Type - Total 0 Types 0/0/0/0/0/0/0/0/0 Lore% 10 Gallery% 31 Achievement% 29 Wizard Run 0 Options --------- Layout 0 ASCII 0 Keyboard 0 Movement Mouse Keybinds 0 Fullscreen 2 Font 18/SmallcapsGlow Map View 76x50 Zoom Use 0% Tactical HUD 1 Map Filters NONE Filters NONE Steam 1 RUN: 13c27b1c-b6d2-4ee3-b776-97cd1189e304